 Dungeon Crawl Stone Soup version 0.29.1-1-gd02db6906a (webtiles) character file.

Game seed: 5386428960909331376

26779 hawla the Jinx (level 13, -8/78 (94) HPs)
             Began as a Meteoran Fire Elementalist on Oct 8, 2022.
             Was an Initiate of Jiyva.
             Mangled by a spriggan rider
             ... wielding a +0 spear
              (12 damage)
             ... on level 1 of the Swamp.
             The game lasted 00:52:58 (10404 turns).

hawla the Jinx (Meteoran Fire Elementalist)        Turns: 10404, Time: 00:52:58

HP:   -8/78 (94)    AC:  8    Str: 10    XL:     13   Next: 99%
MP:   20/30         EV: 14    Int: 34    God:    Jiyva [......]
Gold: 1319          SH:  0    Dex: 14    Spells: 18/37 levels left

rFire   + + .      SeeInvis .   d - staff of fire
rCold   . . .      Faith    .   (no shield)
rNeg    . . .      Spirit   .   p - +1 leather armour "Georavah" {Contam Str+2 Int+7}
rPois   .          Reflect  .   (helmet restricted)
rElec   .          Harm     .   x - +0 cloak
rCorr   .          Rampage  .   f - +2 pair of gloves
Will    ++...                   (no boots)
Stlth   +.........              (no amulet)
HPRegen 0.23/turn               e - ring of protection from fire
MPRegen 0.22/turn               i - ring of willpower

@: very slightly contaminated, glowing, heavily drained
A: sense surroundings 2, otherworldly, glowing, explore regen, antennae 1,
clever 1
a: Renounce Religion


You were on level 1 of the Swamp.
You worshipped Jiyva.
Jiyva was noncommittal.
You visited 5 branches of the dungeon, and saw 21 of its levels.
You also visited: Ossuary.

You collected 1691 gold pieces.
You spent 372 gold pieces at shops.

Inventory:

Hand Weapons
 w - a +4 quarterstaff of chaos
Armour
 f - a +2 pair of gloves (worn)
 p - the +1 leather armour "Georavah" (worn) {Contam Str+2 Int+7}
   (You found it on level 4 of the Dungeon)

   Str:       It affects your strength (+2).
   Int:       It affects your intelligence (+7).
   Contam:    It causes magical contamination when unequipped.
 x - a +0 cloak (worn)
Magical Staves
 d - a staff of fire (weapon)
 J - a staff of air
Jewellery
 e - a ring of protection from fire (left hand)
 i - a ring of willpower (right hand)
 F - a +4 ring of slaying
Wands
 c - a wand of iceblast (27) (quivered)
 l - a wand of quicksilver (42)
 A - a wand of flame (61)
 C - a wand of paralysis (3)
 D - a wand of mindburst (3)
Scrolls
 a - 3 scrolls of butterflies
 g - 2 scrolls of teleportation
 m - 2 scrolls of poison {unknown}
 o - 2 scrolls of identify
 t - 8 scrolls of magic mapping
 u - 3 scrolls of enchant weapon {unknown}
 y - 3 scrolls of blinking
 z - 3 scrolls of amnesia
 B - a scroll of fear
 H - a scroll of enchant armour
Potions
 b - a potion of magic
 h - 8 potions of curing {unknown}
 j - 2 potions of heal wounds
 k - 5 potions of flight
 n - 5 potions of haste
 q - a potion of berserk rage
 r - 3 potions of might
 s - 3 potions of brilliance
 v - 2 potions of attraction
 E - 2 potions of cancellation {unknown}
 G - a potion of resistance {unknown}
 I - a potion of ambrosia {unknown}
Miscellaneous
 K - a box of beasts


   Skills:
 + Level 3.1 Fighting
 + Level 3.2 Staves
 + Level 6.5 Dodging
 - Level 1.4 Stealth
 + Level 12.8 Spellcasting
 + Level 10.8 Conjurations
 + Level 13.8 Hexes
 + Level 7.3 Transmutations
 + Level 11.5 Fire Magic
 + Level 1.5 Evocations


You had 18 spell levels left.
You knew the following spells:

 Your Spells              Type           Power      Damage    Failure   Level
a - Foxfire               Conj/Fire      100%       2x1d9     1%          1
b - Scorch                Fire           100%       2d10      1%          2
c - Flame Wave            Conj/Fire      99%        2d21      1%          4
d - Irradiate             Conj/Tmut      35%        3d23      1%          5
e - Enfeeble              Hex            43%        N/A       8%          7

Your spell library contained the following spells:

 Spells                   Type           Power      Damage    Failure   Level
 Beastly Appendage        Tmut           100%       N/A       1%          1
 Shock                    Conj/Air       100%       1d9       1%          1
 Ensorcelled Hibernation  Hex/Ice        100%       N/A       1%          2
 Passwall                 Tmut/Erth      38%        N/A       1%          2
 Wereblood                Tmut           64%        N/A       1%          2
 Confusing Touch          Hex            86%        N/A       1%          3
 Conjure Flame            Conj/Fire      99%        6-21      1%          3
 Ignite Poison            Fire/Tmut/Pois 77%        N/A       1%          3
 Inner Flame              Hex/Fire       100%       N/A       1%          3
 Mephitic Cloud           Conj/Pois/Air  46%        N/A       1%          3
 Portal Projectile        Hex/Tloc       100%       N/A       1%          3
 Spider Form              Tmut/Pois      46%        N/A       1%          3
 Summon Guardian Golem    Hex/Summ       62%        N/A       1%          3
 Tukima's Dance           Hex            86%        N/A       1%          3
 Anguish                  Hex/Necr       31%        N/A       1%          4
 Yara's Violent Unravell  Hex/Tmut       38%        3d15      1%          5
 Summon Small Mammal      Summ           84%        N/A       2%          1
 Blade Hands              Tmut           32%        N/A       3%          5
 Sublimation of Blood     Necr           21%        N/A       4%          2
 Petrify                  Tmut/Erth      46%        N/A       6%          4
 Call Canine Familiar     Summ           21%        N/A       9%          3
 Swiftness                Air            21%        N/A       9%          3
 Freezing Cloud           Conj/Ice/Air   23%        6-21      17%         5
 Airstrike                Air            10%        2d(2-18)  26%         4
 Simulacrum               Ice/Necr       10%        N/A       99%         6
 Malign Gateway           Summ/Tloc      10%        N/A       100%        7
 Summon Hydra             Summ           10%        N/A       100%        7
 Summon Horrible Things   Summ           10%        N/A       100%        8
 Polar Vortex             Ice            10%        N/A       100%        9


Dungeon Overview and Level Annotations

Branches:
Dungeon (9/15) Zot: 494    Temple (1/1) D:7 Zot: 585    Lair (5/5) D:9 Zot: 152
  Swamp (1/4) Lair:2 Zot: 581   Slime (5/5) Lair:4 Zot: 997 Ossuary (visited)
  Snake: Lair:2-3    Spider: Lair:2-3       Orc: D:9-12

Altars:
Ashenzari
Cheibriados
Dithmenos
Elyvilon
Fedhas
Hepliaklqana
Kikubaaqudgha
Makhleb
Nemelex Xobeh
Okawaru
Ru
Sif Muna
Trog
Uskayaw
Vehumet
Wu Jian
Xom
Yredelemnul
Zin
The Shining One
Jiyva

Shops:
D:8 ?

Annotations:
Slime:5 Royal Jelly


Innate Abilities, Weirdness & Mutations

You passively map the area around you.
You are easily found by Zot.
You glow in the dark.
You regain HP and MP as you explore.
You have a pair of small antennae on your head.
Your mind is acute. (Int +4, Str/Dex -1)


Message History

The tyrant leech is engulfed in a cloud of scalding steam.
The tyrant leech bites you!
* * * LOW HITPOINT WARNING * * *
The tyrant leech draws strength from your injuries!
You feel much better.
Casting: Flame Wave (safe; 1% risk of failure)
Confirm with . or Enter, or press ? or * to list all spells.
Casting: Flame Wave (safe; 1% risk of failure)
Press: ? - help, Dir - look around, f - activate You feel a surge of power!
A wave of flame ripples out!
The flame wave engulfs the tyrant leech!
The tyrant leech is severely wounded. (Press . to intensify the flame waves.)
A fenstrider witch comes into view.
The tyrant leech is engulfed in a cloud of scalding steam.
The tyrant leech bites you!
* * * LOW HITPOINT WARNING * * *
The tyrant leech draws strength from your injuries!
A spriggan rider comes into view. It is wielding a +0 spear.
A wave of flame ripples out!
The flame wave engulfs the tyrant leech!!
The tyrant leech is almost dead.
The flame wave engulfs the spriggan rider!!
The spriggan rider is moderately wounded.
A vampire mosquito comes into view.
The spriggan rider is engulfed in a cloud of scalding steam.
The spriggan rider hits you from afar with a +0 spear!
* * * LOW HITPOINT WARNING * * *
The tyrant leech is engulfed in a cloud of scalding steam.
You kill the tyrant leech!
A wave of flame ripples out!
The flame wave engulfs the spriggan rider!!
You kill the spriggan!
The hornet is severely wounded.
The flame wave engulfs the spriggan rider!
The spriggan rider is lightly wounded.
You finish channelling waves of flame.
The spriggan rider is engulfed in a cloud of scalding steam.
The spriggan rider hits you from afar with a +0 spear!
You die...

, * ~ ~ *..♣♣~♣♣ ~ ~
* *♣~ .~=♣ , ~ .*
♣♣.♣♣.~♣♣♣ ,~~
,.~♣♣.~~~.~..♣♣ ~
~~.y........~.♣ ~~ ~
~≈≈......^.○.♣ *
~≈≈i.§...§§§♣♣ , ~
≈...§y.@....♣ ~
,.H.§§i..†§§..♣, ,
,,,,..~§.§?§.☼......♣
, ~.~~..○°§☼.~~.~♣♣
.~.~..♣♣♣♣♣~..♣♣ *
.♣.♣.. ,~...♣ *,
♣♣~~. * ..~..♣ ♣♣~♣
~.~~.§ *** ~ *~**


You could see 2 spriggan riders, a hornet and a vampire mosquito.

Vanquished Creatures
  An eleionoma (Swamp:1)
  A hydra (D:6)
  A boulder beetle (Lair:4)
  2 death yaks (Lair:5)
  A two-headed ogre (D:9)
  An alligator (Swamp:1)
  Amaemon (Lair:1)
  A bog body (Swamp:1)
  2 lindwurms
  An oklob plant (Lair:5)
  8 elephants
  3 black mambas
  An orange demon (Lair:1)
  A torpor snail (Lair:2)
  4 cane toads
  A rime drake (Lair:5)
  5 komodo dragons
  A polar bear (Lair:5)
  A troll (D:6)
  2 tyrant leeches
  2 hornets
  6 blink frogs
  Sigmund (D:3)
  A spriggan (Swamp:1)
  A vampire (D:9)
  5 wyverns
  A wraith (D:8)
  27 yaks
  A steam dragon (D:8)
  2 basilisks
  2 swamp worms (Lair:2)
  Menkaure (D:5)
  7 water moccasins
  Duvessa (D:6)
  3 black bears
  An orc warrior (D:7)
  An ogre (D:7)
  8 wolves (Lair:5)
  A centaur (D:7)
  3 elf zombies
  3 phantoms
  8 bullfrogs
  A necrophage (D:7)
  A gnoll sergeant (D:9)
  An elf skeleton (D:5)
  10 wights (D:8)
  Dowan (D:6)
  3 killer bees (D:9)
  3 howler monkeys
  An electric eel (Lair:2)
  5 hounds
  3 orc priests
  2 human zombies (Ossuary)
  4 iguanas
  Crazy Yiuf (D:5)
  Jessica (D:3)
  2 human skeletons (D:5)
  Natasha (thrice) (D:4)
  An orc wizard (D:9)
  13 hell rats (Lair:3)
  2 mummies (Ossuary)
  5 gnolls (D:9)
  8 adders
  A shadow imp (D:8)
  2 white imps
  2 ufetubi
  An adder zombie (Ossuary)
  A worm (D:5)
  2 dart slugs
  9 orcs
  6 ball pythons
  6 endoplasms
  A giant cockroach (D:1)
  13 goblins
  5 hobgoblins
  2 jackals (D:3)
  4 quokkas
  3 bats
  2 frilled lizards (D:1)
  15 hobgoblin zombies (Ossuary)
  2 jackal zombies (Ossuary)
  5 kobolds
  7 kobold zombies (Ossuary)
  An orc skeleton (D:5)
  6 orc zombies
  7 rats
  2 rat zombies (Ossuary)
  A butterfly (Lair:3)
302 creatures vanquished.

Vanquished Creatures (collateral kills)
  A scorpion (D:5)
  A hound (D:5)
  2 foxfires
4 creatures vanquished.

Vanquished Creatures (others)
  259 foxfires
  16 fungi
  24 plants
  11 toadstools (Lair:3)
310 creatures vanquished.

Grand Total: 616 creatures vanquished

Notes
Turn   | Place    | Note
-------+----------+-------------------------------------------
     0 | D:1      | hawla the Meteoran Fire Elementalist began the quest for
                  | the Orb.
     0 | D:1      | Reached XP level 1. HP: 14/14 MP: 5/5
   156 | D:1      | Reached XP level 2. HP: 17/20 MP: 4/6
   294 | D:1      | Reached XP level 3. HP: 26/26 MP: 5/8
   447 | D:1      | Found a faded altar of an unknown god.
   500 | D:1      | Glimpsed the power of Zot.
   509 | D:2      | Identified a scroll of acquirement
   512 | D:2      | Acquired a staff of fire
   521 | D:2      | Learned a level 2 spell: Scorch
   665 | D:2      | Reached skill level 1 in Evocations
   749 | D:2      | Reached XP level 4. HP: 34/34 MP: 5/9
   998 | D:3      | Noticed Sigmund
   999 | D:3      | Noticed Jessica
  1017 | D:3      | Killed Sigmund
  1018 | D:3      | Reached skill level 5 in Fire Magic
  1018 | D:3      | Reached XP level 5. HP: 22/39 MP: 1/12
  1018 | D:3      | Reached XP level 6. HP: 26/46 MP: 1/13
  1023 | D:3      | Learned a level 4 spell: Flame Wave
  1271 | D:3      | Killed Jessica
  1697 | D:3      | Glimpsed the power of Zot.
  1716 | D:4      | Noticed Natasha
  1718 | D:4      | Killed Natasha
  1748 | D:4      | Noticed Natasha
  1755 | D:4      | Killed Natasha
  1756 | D:4      | Reached XP level 7. HP: 31/51 MP: 3/14
  1784 | D:4      | Identified the +1 leather armour "Georavah" {Contam Str+2
                  | Int+7}
  1934 | D:4      | Found an iron altar of Okawaru.
  2117 | D:4      | Learned a level 5 spell: Irradiate
  2215 | D:4      | Noticed Natasha
  2220 | D:4      | Killed Natasha
  2262 | D:5      | Entered Level 5 of the Dungeon
  2271 | D:5      | Noticed Menkaure
  2275 | D:5      | Killed Menkaure
  2350 | D:5      | Reached skill level 5 in Conjurations
  2350 | D:5      | Reached XP level 8. HP: 55/58 MP: 11/15
  2522 | D:5      | Found a sand-covered staircase.
  2617 | Ossuary  | Entered an ossuary
  2731 | Ossuary  | Reached skill level 5 in Transmutations
  3002 | D:5      | Gained mutation: You passively map the area around you.
                  | [Meteoran growth]
  3002 | D:5      | Reached XP level 9. HP: 63/63 MP: 9/16
  3117 | D:5      | Found a runed translucent door.
  3118 | D:5      | Noticed Crazy Yiuf
  3122 | D:5      | Killed Crazy Yiuf
  3171 | D:6      | Gained mutation: You have a pair of small antennae on your
                  | head. [potion of mutation]
  3171 | D:6      | Gained mutation: Your mind is acute. (Int +4, Str/Dex -1)
                  | [potion of mutation]
  3328 | D:6      | Noticed a troll
  3329 | D:6      | Noticed a four-headed hydra
  3338 | D:6      | Reached skill level 1 in Fighting
  3338 | D:6      | Reached skill level 1 in Staves
  3351 | D:6      | Killed a troll
  3352 | D:6      | Reached skill level 5 in Spellcasting
  3435 | D:6      | Killed a four-headed hydra
  3436 | D:6      | Reached XP level 10. HP: 56/73 MP: 0/20
  3779 | D:6      | Noticed Dowan
  3781 | D:6      | Noticed Duvessa
  3783 | D:6      | Glimpsed the power of Zot.
  3785 | D:6      | Killed Dowan
  3788 | D:6      | Killed Duvessa
  3833 | D:6      | Glimpsed the power of Zot.
  3873 | D:6      | Glimpsed the power of Zot.
  3883 | D:6      | Touched by the power of Zot.
  3894 | D:7      | Acquired 865 gold pieces
  3945 | D:7      | Found a staircase to the Ecumenical Temple.
  3955 | Temple   | Entered the Ecumenical Temple
  3962 | Temple   | Became a worshipper of Vehumet
  4053 | D:7      | Identified the +0 chain mail "Zublei" {rF+ Slay+3 Stlth-}
  4440 | D:8      | Found Xijuof's Magic Scroll Shop.
  4450 | D:8      | Bought a scroll of identify for 24 gold pieces
  4450 | D:8      | Bought a scroll of teleportation for 36 gold pieces
  4450 | D:8      | Bought a scroll of magic mapping for 90 gold pieces
  4450 | D:8      | Bought a scroll of butterflies for 48 gold pieces
  4450 | D:8      | Bought a scroll of blinking for 90 gold pieces
  4450 | D:8      | Bought a scroll of teleportation for 36 gold pieces
  4450 | D:8      | Bought a scroll of fear for 48 gold pieces
  4972 | D:8      | Reached * piety under Vehumet
  4972 | D:8      | Offered knowledge of Sandblast by Vehumet.
  4974 | D:8      | Reached skill level 5 in Dodging
  4980 | D:8      | Reached XP level 11. HP: 64/79 MP: 9/24
  5117 | D:8      | Paralysed by a hornet for 1 turns
  5224 | D:9      | Found a bloodstained altar of Trog.
  5310 | D:9      | Reached skill level 10 in Conjurations
  5347 | D:9      | Noticed a two-headed ogre
  5352 | D:9      | Killed a two-headed ogre
  5366 | D:9      | Found a staircase to the Lair.
  5373 | D:9      | Reached skill level 10 in Fire Magic
  5383 | Lair:1   | Entered Level 1 of the Lair of Beasts
  5392 | Lair:1   | Learned a level 7 spell: Enfeeble
  5412 | Lair:1   | Noticed Amaemon
  5413 | Lair:1   | Reached skill level 2 in Hexes
  5419 | Lair:1   | Reached skill level 4 in Hexes
  5419 | Lair:1   | Killed Amaemon
  5420 | Lair:1   | Reached skill level 5 in Hexes
  5474 | Lair:1   | Reached skill level 6 in Hexes
  5575 | Lair:1   | Noticed a lindwurm
  5578 | Lair:1   | Reached skill level 7 in Hexes
  5583 | Lair:1   | Killed a lindwurm
  5627 | Lair:1   | Reached skill level 8 in Hexes
  5638 | Lair:1   | Reached XP level 12. HP: 73/88 MP: 11/26
  5780 | Lair:1   | Offered knowledge of Freeze by Vehumet.
  5870 | Lair:1   | Glimpsed the power of Zot.
  5909 | Lair:2   | Reached ** piety under Vehumet
  5910 | Lair:2   | Reached skill level 9 in Hexes
  5942 | Lair:2   | Reached skill level 10 in Hexes
  5973 | Lair:1   | You fall into a shaft and drop 1 floor!
  6098 | Lair:2   | Reached skill level 11 in Hexes
  6245 | Lair:2   | Found a staircase to the Swamp.
  6456 | Lair:2   | Glimpsed the power of Zot.
  6522 | Lair:3   | Offered knowledge of Stone Arrow by Vehumet.
  6527 | Lair:3   | Reached skill level 12 in Hexes
  6528 | Lair:3   | Reached *** piety under Vehumet
  6535 | Lair:3   | Reached skill level 13 in Hexes
  6617 | Lair:3   | Noticed a lindwurm
  6625 | Lair:3   | Killed a lindwurm
  6647 | Lair:3   | You fall into a shaft and drop 2 floors!
  6647 | Lair:5   | Entered Level 5 of the Lair of Beasts
  6709 | Lair:4   | Reached XP level 13. HP: 66/93 MP: 4/27
  6715 | Lair:4   | Reached skill level 10 in Spellcasting
  7013 | Lair:4   | Found a viscous altar of Jiyva.
  7014 | Lair:4   | Found a staircase to the Slime Pits.
  7155 | Lair:4   | Noticed a boulder beetle
  7171 | Lair:4   | Killed a boulder beetle
  7856 | Lair:5   | Offered knowledge of Iskenderun's Mystic Blast by Vehumet.
  7912 | Lair:5   | Noticed a death yak
  7912 | Lair:5   | Noticed a death yak
  7912 | Lair:5   | Noticed a death yak
  7952 | Lair:5   | Killed a death yak
  7955 | Lair:5   | Killed a death yak
  7999 | Lair:5   | Identified the +10 flail "Oggon" {flame, rPois rF+ Dex+8
                  | Stlth-}
  8164 | Lair:4   | Fell from the grace of Vehumet
  8164 | Lair:4   | Became a worshipper of Jiyva Jygod the Shapeless
  8167 | Slime:1  | Entered Level 1 of the Pits of Slime
  8167 | Slime:1  | Noticed a rockslime
  8167 | Slime:1  | Noticed an azure jelly
  8168 | Slime:1  | Noticed an azure jelly
  8171 | Slime:1  | Noticed a quicksilver ooze
  8181 | Slime:1  | Noticed an azure jelly
  8185 | Slime:1  | Noticed a rockslime
  8211 | Slime:2  | Noticed a quicksilver ooze
  8212 | Slime:2  | Noticed a quicksilver ooze
  8259 | Slime:2  | Noticed an acid blob
  8264 | Slime:2  | Noticed an acid blob
  8266 | Slime:2  | Noticed an acid blob
  8271 | Slime:2  | Noticed an acid blob
  8326 | Slime:2  | Noticed an azure jelly
  8390 | Slime:2  | Noticed an acid blob
  8646 | Slime:1  | Noticed an acid blob
  8646 | Slime:1  | Noticed a quicksilver ooze
  8933 | Swamp:1  | Entered Level 1 of the Swamp
  8933 | Swamp:1  | Noticed an alligator
  8939 | Lair:2   | Glimpsed the power of Zot.
  8988 | Lair:4   | Glimpsed the power of Zot.
  9067 | Slime:1  | Noticed an azure jelly
  9071 | Slime:1  | Noticed an acid blob
  9164 | Slime:3  | Noticed a rockslime
  9383 | Slime:4  | Noticed a rockslime
  9397 | Slime:4  | Noticed an acid blob
  9418 | Slime:4  | Noticed an acid blob
  9553 | Slime:5  | Entered Level 5 of the Pits of Slime
  9553 | Slime:5  | Noticed an acid blob
  9553 | Slime:5  | Noticed an acid blob
  9553 | Slime:5  | Noticed an azure jelly
  9553 | Slime:5  | Noticed an acid blob
  9586 | Slime:5  | Noticed a quicksilver ooze
  9592 | Slime:5  | Noticed an acid blob
  9601 | Slime:5  | Noticed an acid blob
  9612 | Slime:5  | Noticed an acid blob
  9631 | Slime:5  | Noticed an acid blob
  9643 | Slime:5  | Noticed an acid blob
  9649 | Slime:5  | Noticed a rockslime
  9665 | Slime:5  | Noticed an acid blob
  9679 | Slime:5  | Noticed an azure jelly
  9688 | Slime:5  | Noticed a rockslime
  9700 | Slime:5  | Noticed the Royal Jelly
  9701 | Slime:5  | Noticed an acid blob
  9717 | Slime:5  | Found a viscous altar of Jiyva.
  9737 | Slime:5  | Noticed an acid blob
  9761 | Slime:5  | Noticed an azure jelly
  9802 | Slime:5  | Noticed a quicksilver ooze
  9908 | Slime:4  | Noticed an acid blob
  9960 | Slime:4  | Noticed an acid blob
  9976 | Slime:4  | Noticed an azure jelly
  9991 | Slime:4  | Noticed a great orb of eyes
 10083 | Slime:3  | Noticed a rockslime
 10083 | Slime:3  | Noticed a quicksilver ooze
 10332 | Lair:4   | Glimpsed the power of Zot.
 10341 | Lair:4   | Touched by the power of Zot.
 10391 | Swamp:1  | Killed an alligator
 10392 | Swamp:1  | Noticed an eleionoma
 10400 | Swamp:1  | Killed an eleionoma
 10400 | Swamp:1  | HP: 2/70 [tyrant leech (16)]
 10402 | Swamp:1  | Noticed a fenstrider witch
 10404 | Swamp:1  | Mangled by a spriggan rider

Illustrated notes

Levels and vault maps discovered:
D:1:      dpeg_arrival_radiant, layout_loops_ring,
          hellmonk_ecumenical_altar_heavens_door
D:2:      layout_rooms
D:3:      layout_basic, chequers_serial_rivers_large_a, glass_columns_b,
          uniq_jessica, uniq_sigmund
D:4:      layout_cave_pools, general_overflow_altar, serial_rivers,
          chequers_serial_rivers_room_a, chequers_serial_rivers_micro_c,
          chequers_serial_rivers_micro_a, chequers_serial_rivers_micro_a,
          chequers_serial_rivers_small_b, uniq_natasha
D:5:      layout_rooms, nicolae_ossuary_entry_catacombs, uniq_menkaure,
          uniq_crazy_yiuf_cottage
D:6:      minmay_chambers_of_sixes, layout_loops_corners,
          mainiacjoe_overflow_chevrons, uniq_duvessa
D:7:      layout_basic, minmay_temple_entry_arrows
D:8:      layout_cave_pods, serial_shops, shop, serial_bayou_pond_c
D:9:      layout_basic, bloody_trog, dpeg_oklobed_lair, erik_orc_3, uniq_pikel
Temple:   nicolae_temple_no_exploring_needed
Lair:1:   layout_big_grid, grunt_megastairs_3, serial_bayou_shore_a,
          infiniplex_staircase_pool_2, uniq_amaemon
Lair:2:   layout_cave_pods, nicolae_swamp_entry_splash_gauntlet,
          nicolae_spider_entry_tight_spaces
Lair:3:   layout_chaotic_city, tgw_fedhas, lemuel_fruit_fields,
          lemuel_fruit_fields
Lair:4:   layout_regular_city, slime_entry_1, st_stairs_3, uniq_rupert
Lair:5:   grunt_lair_end_beastmaster, layout_small_grid, minmay_lair_oklob_items
Swamp:1:  layout_falls_marsh, nicolae_swamp_bean_lake
Slime:1:  layout_caves
Slime:2:  layout_caves, cheibrodos_slime_lost_civilization_4
Slime:3:  layout_caves
Slime:4:  layout_caves
Slime:5

Skill      XL: |  1  2  3  4  5  6  7  8  9 10 11 12 13 |
---------------+----------------------------------------+-----
Fire Magic     | 4 5 6 7 9 10 11 | 11.5
Spellcasting   | 3 4 6 8 9 12 | 12.8
Evocations     | 1 |  1.5
Conjurations   | 3 5 7 9 10 | 10.8
Transmutations | 3 5 6 7 |  7.3
Dodging        | 3 5 6 |  6.5
Fighting       | 1 2 3 |  3.1
Staves         | 2 3 |  3.2
Hexes          | 8 13 | 13.8
Stealth        | |  1.4

Action                   |  1- 3 |  4- 6 |  7- 9 | 10-12 | 13-15 || total
-------------------------+-------+-------+-------+-------+-------++-------
Melee: Unarmed           |     5 |       |       |       |       ||     5
       Staff             |       |    19 |    86 |    41 |    21 ||   167
       Punch             |       |       |     2 |       |     2 ||     4
 Cast: Foxfire           |    40 |    18 |    34 |    46 |    25 ||   163
       Scorch            |     3 |    16 |    39 |    58 |    25 ||   141
       Flame Wave        |       |     1 |    15 |    33 |    24 ||    73
       Irradiate         |       |       |     5 |    13 |    19 ||    37
       Enfeeble          |       |       |       |     3 |     6 ||     9
Evoke: Wand              |       |       |       |       |     1 ||     1
  Use: Scroll            |     4 |     4 |    11 |     7 |     3 ||    29
       Potion            |       |       |     1 |       |     1 ||     2
 Stab: Paralysed         |       |       |       |       |     2 ||     2
Armor: Robe              |     7 |    13 |       |       |       ||    20
       Leather armour    |       |       |    91 |    45 |    51 ||   187
Dodge: Dodged            |    12 |    11 |   104 |   107 |    86 ||   320
